Avalanche vs BlackHawks

Created - 20 février 2021 at 20:07

Goals
1 2 3 T
Avalanche 1 2 1 4
BlackHawks 0 1 0 1
Shots
1 2 3 T
Avalanche 14 7 14 35
BlackHawks 20 14 6 40

1st period

1. Avalanche , Adam Fox 8 (Will Butcher 7, Dylan Strome 18) at 9:20

Penalties :
Cale Fleury (COL) for Unsportsmanlike conduct (Minor) at 6:21

2nd period

2. BlackHawks , Jaden Schwartz 19 (Brock Boeser 29, Anze Kopitar 33) at 11:19
3. Avalanche , Michael McLeod 2 (Justin Williams 6, Noah Juulsen 8) at 19:41 (PP)
4. Avalanche , Dylan Strome 14 (Justin Williams 7) at 19:55

Penalties :
Justin Faulk (CHI) for Cross-checking (Minor) at 1:49, Frank Vatrano (COL) for Slashing (Minor) at 1:49, Johnny Boychuk (CHI) for Holding (Minor) at 18:08

3rd period

5. Avalanche , Casey Cizikas 19 (Dominik Kubalik 20, Shayne Gostisbehere 20) at 4:11

Penalties :
Phil Kessel (CHI) for Holding (Minor) at 1:02, Jake McCabe (COL) for Cross-checking (Minor) at 5:52, Adam Larsson (CHI) for Holding (Minor) at 11:12, Jared McCann (CHI) for Roughing (Minor) at 13:47

Goalie Stats

Juuse Saros (COL), 39 saves from 40 shots - (0,975), W, 4-7-2, 60:00 minutes
Jacob Markstrom (CHI), 31 saves from 35 shots - (0,886), L, 28-24-6, 60:00 minutes

Players Stats for Avalanche

Player Name              G  A  P  +/- PIM S  H  SB GA TA FO     MP     PP MP  PK MP  
------------------------------------------------------------------------------------
Adam Fox                 1  0  1   0  0   1  2  3  0  0  0/0    22:10   4:09   2:12 
Andreas Athanasiou       0  0  0  -1  0   2  1  0  0  0  1/1    21:45   2:59   1:26 
Cale Fleury              0  0  0   1  2   0  1  1  0  0  0/0    13:41   0:19   0:50 
Casey Cizikas            1  0  1   1  0   4  4  0  0  0  14/26  19:47   3:52   1:47 
Dominik Kubalik          0  1  1   1  0   7  1  0  0  0  1/4    17:12   3:52   0:21 
Dylan Strome             1  1  2   2  0   3  0  0  0  0  7/16   14:34   0:00   1:05 
Frank Vatrano            0  0  0  -1  2   0  1  0  0  0  0/1    19:28   2:59   0:00 
Jake McCabe              0  0  0   1  2   1  3  2  0  0  0/0    24:05   3:02   0:54 
Jordan Weal              0  0  0   0  0   2  0  0  0  0  0/0     5:04   0:39   0:00 
Justin Williams          0  2  2   2  0   2  2  0  0  0  0/1    13:18   0:39   0:00 
Michael McLeod           1  0  1   0  0   1  0  0  0  0  0/1     0:39   0:39   0:00 
Nicolas Roy              0  0  0   0  0   0  1  0  0  0  7/9     5:31   0:00   1:06 
Noah Juulsen             0  1  1   1  0   0  0  0  0  0  0/0    13:31   0:39   0:19 
Pontus Aberg             0  0  0   2  0   3  1  0  0  0  0/2    12:39   0:00   0:00 
Robby Fabbri             0  0  0   1  0   1  1  1  0  0  0/0    16:51   3:52   0:00 
Ryan Strome              0  0  0  -1  0   6  3  1  0  0  19/31  27:14   2:59   2:11 
Shayne Gostisbehere      0  1  1   1  0   1  0  2  0  0  0/0    24:53   3:02   1:41 
Will Butcher             0  1  1   0  0   1  2  1  0  0  0/0    21:38   3:49   2:00 

Players Stats for BlackHawks

Player Name              G  A  P  +/- PIM S  H  SB GA TA FO     MP     PP MP  PK MP  
------------------------------------------------------------------------------------
Adam Larsson             0  0  0  -1  2   2  2  0  0  0  0/0    21:09   1:49   2:50 
Anze Kopitar             0  1  1   0  0   3  3  0  0  0  21/36  24:13   2:09   4:35 
Ben Hutton               0  0  0  -1  0   0  2  0  0  0  0/0     2:27   0:00   0:31 
Brandon Carlo            0  0  0  -1  0   0  2  2  0  0  0/0    22:05   1:49   3:45 
Brock Boeser             0  1  1   0  0   2  2  0  0  0  1/3    18:38   2:09   1:48 
Curtis Lazar             0  0  0  -1  0   3  1  1  0  0  0/0    14:35   0:00   0:00 
Erik Johnson             0  0  0  -1  0   1  4  2  0  0  0/0    23:58   2:09   3:45 
Ivan Barbashev           0  0  0   0  0   1  0  0  0  0  1/1     2:31   0:00   0:14 
Jaden Schwartz           1  0  1   0  0   8  1  0  0  0  1/2    19:38   2:09   2:48 
Jared McCann             0  0  0   0  2   1  0  0  0  0  3/5     3:55   0:00   1:39 
John Marino              0  0  0   0  0   1  2  2  0  0  0/0    14:21   0:00   0:24 
Johnny Boychuk           0  0  0   0  2   2  3  1  0  0  0/0    15:04   0:00   0:00 
Justin Faulk             0  0  0   0  2   1  1  1  0  0  0/0    20:53   2:09   3:45 
Kyle Palmieri            0  0  0  -1  0   2  1  0  0  0  0/2    17:33   1:49   0:00 
Lawson Crouse            0  0  0  -1  0   0  4  0  0  0  0/1    14:35   0:00   0:00 
Phil Kessel              0  0  0  -1  2   6  3  0  0  0  0/0    17:32   1:49   0:00 
Phillip Danault          0  0  0  -1  0   1  2  0  0  0  7/24   22:28   1:49   3:56 
Scott Laughton           0  0  0  -1  0   6  0  0  0  0  9/18   14:51   0:00   0:00 

3 Stars

1 - Juuse Saros (COL)
2 - Dylan Strome (COL)
3 - Casey Cizikas (COL)

Power Play

Avalanche - 1 on 4 Attempt(s) - 25,00%
BlackHawks - 0 on 2 Attempt(s) - 0,00%

Penalty Kill

Avalanche - 2 on 2 Attempt(s) - 100,00% - Score 0 goal in Penalty Kill
BlackHawks - 3 on 4 Attempt(s) - 75,00% - Score 0 goal in Penalty Kill

Team Stat

Avalanche - Hits : 23 - Faceoff Wins : 49 - Blocked Shots : 11 - Penalty Minutes : 6
BlackHawks - Hits : 33 - Faceoff Wins : 43 - Blocked Shots : 9 - Penalty Minutes : 10

Official

Referees : Tom Chmielewski and Terry Koharski
Linesman : Brent Hooks and Darren Gibbs

Game Notes

No Game Note

Finance

Level 1 -- Attendance: 2895 (44,54%) -- Ticket Income 723 750 $
Level 2 -- Attendance: 1877 (37,54%) -- Ticket Income 375 400 $
Level 3 -- Attendance: 1215 (34,71%) -- Ticket Income 212 625 $
Level 4 -- Attendance: 760 (20,45%) -- Ticket Income 114 000 $
Luxury Box -- Attendance: 469 (46,90%) -- Ticket Income 187 600 $
Game was played at the United Center.
Total Attendance: 7216 (36,60%)
Total Ticket Income: 1 613 375 $
Other Income: 790 554 $
Total Income: 2 403 929 $

% Time on Ice - Avalanche

Lines # - Real PCT - Wanted PCT - Time Play
Normal Forward
1 - 35% - 40% - 16:30
2 - 28% - 30% - 12:59
3 - 27% - 20% - 12:39
4 - 9% - 10% - 4:25
Normal Defense
1 - 38% - 40% - 17:37
2 - 32% - 30% - 15:04
3 - 27% - 20% - 12:33
4 - 3% - 10% - 1:19
PP Forward
1 - 40% - 60% - 2:59
2 - 60% - 40% - 4:31
PP Defense
1 - 45% - 60% - 3:21
2 - 55% - 40% - 4:09
PK Forward
1 - 75% - 60% - 2:58
2 - 25% - 40% - 1:00
PK Defense
1 - 52% - 60% - 2:03
2 - 48% - 40% - 1:55
PK3 Forward
1 - 0% - 60%
2 - 0% - 40%
PK3 Defense
1 - 0% - 60%
2 - 0% - 40%
44 Forward
1 - 58% - 60% - 1:09
2 - 42% - 40% - 0:50
44 Defense
1 - 62% - 60% - 1:14
2 - 38% - 40% - 0:45
Last Minute Offensive  - 0:00
Last Minute Defensive  - 0:00
Total
Forward - 60:00
Defense - 60:00

% Time on Ice - BlackHawks

Lines # - Real PCT - Wanted PCT - Time Play
Normal Forward
1 - 30% - 40% - 13:57
2 - 34% - 30% - 15:44
3 - 31% - 20% - 14:35
4 - 5% - 10% - 2:17
Normal Defense
1 - 32% - 40% - 15:00
2 - 34% - 30% - 15:40
3 - 30% - 20% - 13:57
4 - 4% - 10% - 1:56
PP Forward
1 - 54% - 60% - 2:09
2 - 46% - 40% - 1:49
PP Defense
1 - 54% - 60% - 2:09
2 - 46% - 40% - 1:49
PK Forward
1 - 76% - 60% - 5:42
2 - 24% - 40% - 1:48
PK Defense
1 - 50% - 60% - 3:45
2 - 50% - 40% - 3:45
PK3 Forward
1 - 0% - 60%
2 - 0% - 40%
PK3 Defense
1 - 0% - 60%
2 - 0% - 40%
44 Forward
1 - 63% - 60% - 1:15
2 - 37% - 40% - 0:44
44 Defense
1 - 57% - 60% - 1:08
2 - 43% - 40% - 0:51
Last Minute Offensive  - 0:00
Last Minute Defensive  - 0:00
Total
Forward - 60:00
Defense - 60:00

Play-by-Play

1st period


0:01 of 1st period - Ryan Strome wins face-off versus Anze Kopitar in neutral zone.
0:01 of 1st period - Andreas Athanasiou is hit by Anze Kopitar and loses puck.
0:10 of 1st period - Icing by Frank Vatrano.
0:11 of 1st period - Ryan Strome wins face-off versus Phillip Danault in Avalanche zone.
0:11 of 1st period - Ryan Strome is hit by Kyle Palmieri.
0:35 of 1st period - Shot by Phil Kessel.
0:35 of 1st period - Stopped by Juuse Saros with a rebound.
1:13 of 1st period - Shayne Gostisbehere is hit by Brock Boeser and loses puck.
1:21 of 1st period - Icing by Jake McCabe.
1:22 of 1st period - Ryan Strome wins face-off versus Scott Laughton in Avalanche zone.
1:35 of 1st period - Shot by Curtis Lazar.
1:35 of 1st period - Stopped by Juuse Saros with a rebound.
1:43 of 1st period - Shot by Lawson Crouse.
1:43 of 1st period - Shot Misses the Net.
1:51 of 1st period - Shot by Lawson Crouse.
1:51 of 1st period - Shot Misses the Net.
1:53 of 1st period - Shot by Scott Laughton.
1:53 of 1st period - Stopped by Juuse Saros with a rebound.
2:34 of 1st period - Shot by Brock Boeser.
2:34 of 1st period - Shot Blocked by Adam Fox.
2:36 of 1st period - Shot by Justin Faulk.
2:36 of 1st period - Deflect By Jaden Schwartz.
2:36 of 1st period - Stopped by Juuse Saros without a rebound.
2:37 of 1st period - Dylan Strome wins face-off versus Phillip Danault in Avalanche zone.
2:37 of 1st period - Dylan Strome is hit by Phil Kessel.
2:54 of 1st period - Shot by Dylan Strome.
2:54 of 1st period - Shot Misses the Net.
3:02 of 1st period - Shot by Pontus Aberg.
3:02 of 1st period - Stopped by Jacob Markstrom with a rebound.
3:07 of 1st period - Justin Williams is hit by Brandon Carlo and loses puck.
3:30 of 1st period - Shot by Dominik Kubalik.
3:30 of 1st period - Stopped by Jacob Markstrom without a rebound.
3:31 of 1st period - Jared McCann wins face-off versus Casey Cizikas in BlackHawks zone.
3:39 of 1st period - Robby Fabbri is hit by Ben Hutton and loses puck.
3:48 of 1st period - Shot by Robby Fabbri.
3:48 of 1st period - Shot Misses the Net.
3:51 of 1st period - Casey Cizikas is hit by Erik Johnson and loses puck.
3:57 of 1st period - Dominik Kubalik is hit by Erik Johnson and loses puck.
4:03 of 1st period - Robby Fabbri is hit by Ben Hutton and loses puck.
4:37 of 1st period - Shot by Pontus Aberg.
4:37 of 1st period - Stopped by Jacob Markstrom without a rebound.
4:38 of 1st period - Scott Laughton wins face-off versus Nicolas Roy in BlackHawks zone.
4:45 of 1st period - Icing by Will Butcher.
4:46 of 1st period - Nicolas Roy wins face-off versus Scott Laughton in Avalanche zone.
5:16 of 1st period - Icing by John Marino.
5:17 of 1st period - Scott Laughton wins face-off versus Dominik Kubalik in BlackHawks zone.
5:24 of 1st period - Shot by Scott Laughton.
5:24 of 1st period - Deflect By Lawson Crouse.
5:24 of 1st period - Shot Blocked by Jake McCabe.
5:26 of 1st period - Shot by Curtis Lazar.
5:26 of 1st period - Stopped by Juuse Saros with a rebound.
5:28 of 1st period - Shot by Lawson Crouse.
5:28 of 1st period - Shot Misses the Net.
5:30 of 1st period - Shot by John Marino.
5:30 of 1st period - Stopped by Juuse Saros with a rebound.
5:32 of 1st period - Shot by Scott Laughton.
5:32 of 1st period - Stopped by Juuse Saros without a rebound.
5:33 of 1st period - Anze Kopitar wins face-off versus Dylan Strome in Avalanche zone.
5:42 of 1st period - Shot by Dylan Strome.
5:42 of 1st period - Shot Misses the Net.
6:00 of 1st period - Shot by Justin Williams.
6:00 of 1st period - Shot Blocked by Justin Faulk.
6:07 of 1st period - Justin Faulk is hit by Pontus Aberg and loses puck.
6:21 of 1st period - Minor Penalty to Cale Fleury for Unsportsmanlike conduct.
6:22 of 1st period - Ryan Strome wins face-off versus Phillip Danault in Avalanche zone.
6:22 of 1st period - Ryan Strome is hit by Phil Kessel.
6:32 of 1st period - Brandon Carlo is hit by Casey Cizikas and loses puck.
7:13 of 1st period - Shot by Brock Boeser.
7:13 of 1st period - Shot Misses the Net.
8:14 of 1st period - Shot by Phillip Danault.
8:14 of 1st period - Deflect By Phil Kessel.
8:14 of 1st period - Stopped by Juuse Saros without a rebound.
8:15 of 1st period - Anze Kopitar wins face-off versus Dylan Strome in Avalanche zone.
8:16 of 1st period - Shot by Erik Johnson.
8:16 of 1st period - Shot Misses the Net.
8:32 of 1st period - Shot by Johnny Boychuk.
8:32 of 1st period - Stopped by Juuse Saros without a rebound.
8:33 of 1st period - Scott Laughton wins face-off versus Nicolas Roy in Avalanche zone.
9:01 of 1st period - Shot by Scott Laughton.
9:01 of 1st period - Shot Misses the Net.
9:03 of 1st period - Shot by Scott Laughton.
9:03 of 1st period - Stopped by Juuse Saros with a rebound.
9:05 of 1st period - Shot by Johnny Boychuk.
9:05 of 1st period - Stopped by Juuse Saros without a rebound.
9:06 of 1st period - Casey Cizikas wins face-off versus Phillip Danault in Avalanche zone.
9:11 of 1st period - Shot by Dominik Kubalik.
9:11 of 1st period - Shot Misses the Net.
9:16 of 1st period - Icing by Phillip Danault.
9:17 of 1st period - Dylan Strome wins face-off versus Kyle Palmieri in BlackHawks zone.
9:20 of 1st period - Shot by Adam Fox.
9:20 of 1st period - Goal by Adam Fox - Avalanche : 1 - BlackHawks : 0.
9:21 of 1st period - Anze Kopitar wins face-off versus Casey Cizikas in neutral zone.
9:29 of 1st period - Shot by Dominik Kubalik.
9:29 of 1st period - Stopped by Jacob Markstrom with a rebound.
9:31 of 1st period - Shot by Casey Cizikas.
9:31 of 1st period - Deflect By Dominik Kubalik.
9:31 of 1st period - Stopped by Jacob Markstrom without a rebound.
9:32 of 1st period - Ryan Strome wins face-off versus Phillip Danault in BlackHawks zone.
9:43 of 1st period - Icing by Ryan Strome.
9:44 of 1st period - Ryan Strome wins face-off versus Anze Kopitar in Avalanche zone.
9:44 of 1st period - Ryan Strome is hit by Anze Kopitar.
10:04 of 1st period - Shot by Brock Boeser.
10:04 of 1st period - Stopped by Juuse Saros without a rebound.
10:05 of 1st period - Casey Cizikas wins face-off versus Phillip Danault in Avalanche zone.
10:30 of 1st period - Shot by Kyle Palmieri.
10:30 of 1st period - Stopped by Juuse Saros without a rebound.
10:31 of 1st period - Anze Kopitar wins face-off versus Ryan Strome in Avalanche zone.
11:52 of 1st period - Shot by Phil Kessel.
11:52 of 1st period - Shot Misses the Net.
11:58 of 1st period - Shot by Phil Kessel.
11:58 of 1st period - Stopped by Juuse Saros with a rebound.
12:00 of 1st period - Shot by Erik Johnson.
12:00 of 1st period - Stopped by Juuse Saros without a rebound.
12:01 of 1st period - Casey Cizikas wins face-off versus Scott Laughton in Avalanche zone.
12:01 of 1st period - Casey Cizikas is hit by Lawson Crouse.
12:14 of 1st period - Robby Fabbri is hit by Johnny Boychuk and loses puck.
12:21 of 1st period - Shot by Dominik Kubalik.
12:21 of 1st period - Stopped by Jacob Markstrom with a rebound.
12:24 of 1st period - Dominik Kubalik is hit by Johnny Boychuk and loses puck.
12:36 of 1st period - Shot by Dominik Kubalik.
12:36 of 1st period - Shot Blocked by John Marino.
12:38 of 1st period - Shot by Casey Cizikas.
12:38 of 1st period - Stopped by Jacob Markstrom with a rebound.
13:54 of 1st period - Shot by Jaden Schwartz.
13:54 of 1st period - Stopped by Juuse Saros without a rebound.
13:55 of 1st period - Jared McCann wins face-off versus Dylan Strome in Avalanche zone.
13:55 of 1st period - Ivan Barbashev is hit by Jake McCabe and loses puck.
13:58 of 1st period - Shot by Ivan Barbashev.
13:58 of 1st period - Stopped by Juuse Saros without a rebound.
13:59 of 1st period - Casey Cizikas wins face-off versus Brock Boeser in Avalanche zone.
14:04 of 1st period - Shot by Dominik Kubalik.
14:04 of 1st period - Shot Misses the Net.
14:12 of 1st period - Shot by Jaden Schwartz.
14:12 of 1st period - Shot Blocked by Shayne Gostisbehere.
14:14 of 1st period - Shot by Anze Kopitar.
14:14 of 1st period - Stopped by Juuse Saros without a rebound.
14:15 of 1st period - Dylan Strome wins face-off versus Scott Laughton in Avalanche zone.
14:15 of 1st period - Pontus Aberg is hit by Curtis Lazar and loses puck.
14:19 of 1st period - Dylan Strome is hit by Lawson Crouse and loses puck.
14:26 of 1st period - Noah Juulsen is hit by Justin Faulk and loses puck.
14:39 of 1st period - Shot by Pontus Aberg.
14:39 of 1st period - Shot Blocked by Curtis Lazar.
14:45 of 1st period - Shot by Dylan Strome.
14:45 of 1st period - Shot Misses the Net.
14:47 of 1st period - Shot by Noah Juulsen.
14:47 of 1st period - Shot Misses the Net.
16:13 of 1st period - Shot by Will Butcher.
16:13 of 1st period - Stopped by Jacob Markstrom without a rebound.
16:14 of 1st period - Ryan Strome wins face-off versus Phillip Danault in BlackHawks zone.
16:15 of 1st period - Shot by Andreas Athanasiou.
16:15 of 1st period - Shot Misses the Net.
16:17 of 1st period - Shot by Andreas Athanasiou.
16:17 of 1st period - Stopped by Jacob Markstrom without a rebound.
16:18 of 1st period - Dylan Strome wins face-off versus Kyle Palmieri in BlackHawks zone.
16:55 of 1st period - Shot by Phillip Danault.
16:55 of 1st period - Stopped by Juuse Saros without a rebound.
16:56 of 1st period - Anze Kopitar wins face-off versus Frank Vatrano in Avalanche zone.
16:58 of 1st period - Brock Boeser is hit by Jake McCabe.
17:02 of 1st period - Shot by Jaden Schwartz.
17:02 of 1st period - Stopped by Juuse Saros without a rebound.
17:03 of 1st period - Ryan Strome wins face-off versus Anze Kopitar in Avalanche zone.
17:03 of 1st period - Ryan Strome is hit by Brock Boeser.
17:28 of 1st period - Shot by Ryan Strome.
17:28 of 1st period - Stopped by Jacob Markstrom without a rebound.
17:29 of 1st period - Casey Cizikas wins face-off versus Phillip Danault in BlackHawks zone.
17:58 of 1st period - Phil Kessel is hit by Will Butcher and loses puck.
18:19 of 1st period - Shot by Andreas Athanasiou.
18:19 of 1st period - Stopped by Jacob Markstrom without a rebound.
18:20 of 1st period - Ryan Strome wins face-off versus Anze Kopitar in BlackHawks zone.
18:46 of 1st period - Brock Boeser is hit by Ryan Strome and loses puck.
18:53 of 1st period - Shot by Ryan Strome.
18:53 of 1st period - Stopped by Jacob Markstrom with a rebound.
19:45 of 1st period - Shot by Scott Laughton.
19:45 of 1st period - Shot Misses the Net.
19:53 of 1st period - Shot by Pontus Aberg.
19:53 of 1st period - Shot Blocked by Johnny Boychuk.
19:55 of 1st period - Shot by Justin Williams.
19:55 of 1st period - Stopped by Jacob Markstrom without a rebound.
19:56 of 1st period - Casey Cizikas wins face-off versus Phillip Danault in BlackHawks zone.
19:56 of 1st period - Casey Cizikas is hit by Erik Johnson.
Goals for this period are 1 for Avalanche vs 0 for BlackHawks.
Shots for this period are 14 for Avalanche vs 20 for BlackHawks.

2nd period


0:01 of 2nd period - Ryan Strome wins face-off versus Anze Kopitar in neutral zone.
0:01 of 2nd period - Shayne Gostisbehere is hit by Anze Kopitar and loses puck.
0:26 of 2nd period - Shot by Jaden Schwartz.
0:26 of 2nd period - Deflect By Anze Kopitar.
0:26 of 2nd period - Stopped by Juuse Saros without a rebound.
0:27 of 2nd period - Phillip Danault wins face-off versus Dominik Kubalik in Avalanche zone.
0:44 of 2nd period - Shot by Phillip Danault.
0:44 of 2nd period - Shot Misses the Net.
1:28 of 2nd period - Off-side.
1:29 of 2nd period - Anze Kopitar wins face-off versus Justin Williams in neutral zone.
1:41 of 2nd period - Icing by Justin Faulk.
1:42 of 2nd period - Anze Kopitar wins face-off versus Ryan Strome in BlackHawks zone.
1:42 of 2nd period - Anze Kopitar is hit by Frank Vatrano.
1:48 of 2nd period - Shot by Andreas Athanasiou.
1:48 of 2nd period - Deflect By Ryan Strome.
1:48 of 2nd period - Shot Misses the Net.
1:49 of 2nd period - Minor Penalty to Justin Faulk for Cross-checking.
1:49 of 2nd period - Minor Penalty to Frank Vatrano for Slashing.
1:50 of 2nd period - Anze Kopitar wins face-off versus Ryan Strome in BlackHawks zone.
2:13 of 2nd period - Shot by Ryan Strome.
2:13 of 2nd period - Stopped by Jacob Markstrom without a rebound.
2:14 of 2nd period - Anze Kopitar wins face-off versus Ryan Strome in BlackHawks zone.
2:14 of 2nd period - Anze Kopitar is hit by Casey Cizikas.
2:21 of 2nd period - Phillip Danault is hit by Ryan Strome and loses puck.
2:34 of 2nd period - Shot by Anze Kopitar.
2:34 of 2nd period - Deflect By Phillip Danault.
2:34 of 2nd period - Shot Misses the Net.
2:38 of 2nd period - Shot by Anze Kopitar.
2:38 of 2nd period - Stopped by Juuse Saros with a rebound.
5:17 of 2nd period - Shot by Anze Kopitar.
5:17 of 2nd period - Shot Blocked by Adam Fox.
5:19 of 2nd period - Shot by Brandon Carlo.
5:19 of 2nd period - Shot Blocked by Adam Fox.
5:35 of 2nd period - Shot by Jared McCann.
5:35 of 2nd period - Stopped by Juuse Saros without a rebound.
5:36 of 2nd period - Scott Laughton wins face-off versus Dylan Strome in Avalanche zone.
5:57 of 2nd period - Off-side.
5:58 of 2nd period - Phillip Danault wins face-off versus Ryan Strome in neutral zone.
6:03 of 2nd period - Shot by Phil Kessel.
6:03 of 2nd period - Deflect By Kyle Palmieri.
6:03 of 2nd period - Shot Blocked by Ryan Strome.
6:06 of 2nd period - Icing by Noah Juulsen.
6:07 of 2nd period - Ryan Strome wins face-off versus Anze Kopitar in Avalanche zone.
6:44 of 2nd period - Shot by Brock Boeser.
6:44 of 2nd period - Shot Misses the Net.
6:54 of 2nd period - Shot by Phil Kessel.
6:54 of 2nd period - Stopped by Juuse Saros without a rebound.
6:55 of 2nd period - Dylan Strome wins face-off versus Phillip Danault in Avalanche zone.
7:06 of 2nd period - Shot by Dylan Strome.
7:06 of 2nd period - Stopped by Jacob Markstrom without a rebound.
7:07 of 2nd period - Scott Laughton wins face-off versus Dylan Strome in BlackHawks zone.
7:18 of 2nd period - Brandon Carlo is hit by Justin Williams and loses puck.
7:34 of 2nd period - Shot by Pontus Aberg.
7:34 of 2nd period - Stopped by Jacob Markstrom without a rebound.
7:35 of 2nd period - Anze Kopitar wins face-off versus Casey Cizikas in BlackHawks zone.
8:10 of 2nd period - Icing by Casey Cizikas.
8:11 of 2nd period - Phillip Danault wins face-off versus Casey Cizikas in Avalanche zone.
8:20 of 2nd period - Casey Cizikas is hit by Phil Kessel and loses puck.
8:24 of 2nd period - Jake McCabe is hit by Phillip Danault and loses puck.
8:31 of 2nd period - Brandon Carlo is hit by Casey Cizikas and loses puck.
8:44 of 2nd period - Shot by Kyle Palmieri.
8:44 of 2nd period - Shot Misses the Net.
8:46 of 2nd period - Shot by Adam Larsson.
8:46 of 2nd period - Stopped by Juuse Saros without a rebound.
8:47 of 2nd period - Scott Laughton wins face-off versus Dylan Strome in Avalanche zone.
8:58 of 2nd period - Shot by Scott Laughton.
8:58 of 2nd period - Shot Misses the Net.
9:00 of 2nd period - Shot by Lawson Crouse.
9:00 of 2nd period - Deflect By Curtis Lazar.
9:00 of 2nd period - Stopped by Juuse Saros without a rebound.
9:01 of 2nd period - Andreas Athanasiou wins face-off versus Anze Kopitar in Avalanche zone.
9:10 of 2nd period - Shot by Frank Vatrano.
9:10 of 2nd period - Deflect By Ryan Strome.
9:10 of 2nd period - Shot Misses the Net.
9:32 of 2nd period - Shot by Anze Kopitar.
9:32 of 2nd period - Shot Misses the Net.
9:36 of 2nd period - Shot by Jaden Schwartz.
9:36 of 2nd period - Stopped by Juuse Saros without a rebound.
9:37 of 2nd period - Dylan Strome wins face-off versus Phillip Danault in Avalanche zone.
10:04 of 2nd period - Icing by Justin Williams.
10:05 of 2nd period - Scott Laughton wins face-off versus Dylan Strome in Avalanche zone.
10:20 of 2nd period - Shot by Dylan Strome.
10:20 of 2nd period - Stopped by Jacob Markstrom with a rebound.
10:56 of 2nd period - Ryan Strome is hit by Adam Larsson and loses puck.
11:19 of 2nd period - Shot by Brock Boeser.
11:19 of 2nd period - Deflect By Jaden Schwartz.
11:19 of 2nd period - Goal by Jaden Schwartz - Avalanche : 1 - BlackHawks : 1.
11:20 of 2nd period - Phillip Danault wins face-off versus Casey Cizikas in neutral zone.
11:25 of 2nd period - Shot by Phil Kessel.
11:25 of 2nd period - Stopped by Juuse Saros without a rebound.
11:26 of 2nd period - Anze Kopitar wins face-off versus Casey Cizikas in Avalanche zone.
11:29 of 2nd period - Shot by Brock Boeser.
11:29 of 2nd period - Shot Misses the Net.
11:31 of 2nd period - Shot by Jaden Schwartz.
11:31 of 2nd period - Stopped by Juuse Saros without a rebound.
11:32 of 2nd period - Casey Cizikas wins face-off versus Anze Kopitar in Avalanche zone.
11:36 of 2nd period - Off-side.
11:37 of 2nd period - Anze Kopitar wins face-off versus Casey Cizikas in neutral zone.
11:37 of 2nd period - Brock Boeser is hit by Casey Cizikas.
11:41 of 2nd period - Shot by Brock Boeser.
11:41 of 2nd period - Deflect By Jaden Schwartz.
11:41 of 2nd period - Shot Blocked by Jake McCabe.
11:43 of 2nd period - Shot by Jaden Schwartz.
11:43 of 2nd period - Deflect By Brock Boeser.
11:43 of 2nd period - Stopped by Juuse Saros without a rebound.
11:44 of 2nd period - Casey Cizikas wins face-off versus Anze Kopitar in Avalanche zone.
11:44 of 2nd period - Casey Cizikas is hit by Jaden Schwartz.
11:57 of 2nd period - Shot by Jaden Schwartz.
11:57 of 2nd period - Stopped by Juuse Saros without a rebound.
11:58 of 2nd period - Ryan Strome wins face-off versus Phillip Danault in Avalanche zone.
12:21 of 2nd period - Shot by Ryan Strome.
12:21 of 2nd period - Stopped by Jacob Markstrom without a rebound.
12:22 of 2nd period - Dominik Kubalik wins face-off versus Anze Kopitar in BlackHawks zone.
13:08 of 2nd period - Icing by Brock Boeser.
13:09 of 2nd period - Brock Boeser wins face-off versus Ryan Strome in BlackHawks zone.
14:59 of 2nd period - Shot by Lawson Crouse.
14:59 of 2nd period - Deflect By Scott Laughton.
14:59 of 2nd period - Stopped by Juuse Saros without a rebound.
15:00 of 2nd period - Nicolas Roy wins face-off versus Brock Boeser in Avalanche zone.
15:23 of 2nd period - Shot by Jaden Schwartz.
15:23 of 2nd period - Shot Misses the Net.
15:33 of 2nd period - Shot by Jaden Schwartz.
15:33 of 2nd period - Shot Misses the Net.
15:51 of 2nd period - Shot by Adam Larsson.
15:51 of 2nd period - Stopped by Juuse Saros without a rebound.
15:52 of 2nd period - Casey Cizikas wins face-off versus Scott Laughton in Avalanche zone.
16:02 of 2nd period - Brandon Carlo is hit by Adam Fox and loses puck.
16:19 of 2nd period - Dominik Kubalik is hit by Lawson Crouse.
16:48 of 2nd period - Will Butcher is hit by Johnny Boychuk and loses puck.
18:08 of 2nd period - Minor Penalty to Johnny Boychuk for Holding.
18:09 of 2nd period - Anze Kopitar wins face-off versus Casey Cizikas in BlackHawks zone.
18:38 of 2nd period - Shot by Adam Fox.
18:38 of 2nd period - Shot Blocked by Erik Johnson.
19:39 of 2nd period - Shot by Justin Williams.
19:39 of 2nd period - Shot Misses the Net.
19:41 of 2nd period - Shot by Michael McLeod.
19:41 of 2nd period - Goal by Michael McLeod - Avalanche : 2 - BlackHawks : 1.
19:42 of 2nd period - Dylan Strome wins face-off versus Scott Laughton in neutral zone.
19:53 of 2nd period - Shot by Dylan Strome.
19:53 of 2nd period - Shot Misses the Net.
19:55 of 2nd period - Shot by Dylan Strome.
19:55 of 2nd period - Goal by Dylan Strome - Avalanche : 3 - BlackHawks : 1.
19:56 of 2nd period - Nicolas Roy wins face-off versus Scott Laughton in neutral zone.
19:59 of 2nd period - Brandon Carlo is hit by Nicolas Roy and loses puck.
Goals for this period are 2 for Avalanche vs 1 for BlackHawks.
Shots for this period are 7 for Avalanche vs 14 for BlackHawks.

3rd period


0:01 of 3rd period - Ryan Strome wins face-off versus Anze Kopitar in neutral zone.
1:02 of 3rd period - Minor Penalty to Phil Kessel for Holding.
1:03 of 3rd period - Anze Kopitar wins face-off versus Casey Cizikas in BlackHawks zone.
1:03 of 3rd period - Anze Kopitar is hit by Dominik Kubalik.
1:15 of 3rd period - Shot by Phillip Danault.
1:15 of 3rd period - Shot Misses the Net.
1:17 of 3rd period - Shot by Anze Kopitar.
1:17 of 3rd period - Shot Misses the Net.
1:19 of 3rd period - Shot by Anze Kopitar.
1:19 of 3rd period - Shot Misses the Net.
1:26 of 3rd period - Phillip Danault is hit by Adam Fox and loses puck.
2:40 of 3rd period - Shot by Dominik Kubalik.
2:40 of 3rd period - Shot Misses the Net.
2:42 of 3rd period - Shot by Casey Cizikas.
2:42 of 3rd period - Deflect By Dominik Kubalik.
2:42 of 3rd period - Stopped by Jacob Markstrom without a rebound.
2:43 of 3rd period - Anze Kopitar wins face-off versus Michael McLeod in BlackHawks zone.
3:25 of 3rd period - Icing by John Marino.
3:26 of 3rd period - Nicolas Roy wins face-off versus Scott Laughton in BlackHawks zone.
3:55 of 3rd period - Icing by Will Butcher.
3:56 of 3rd period - Nicolas Roy wins face-off versus Jared McCann in Avalanche zone.
4:01 of 3rd period - Shot by Jordan Weal.
4:01 of 3rd period - Stopped by Jacob Markstrom without a rebound.
4:02 of 3rd period - Casey Cizikas wins face-off versus Anze Kopitar in BlackHawks zone.
4:11 of 3rd period - Shot by Casey Cizikas.
4:11 of 3rd period - Goal by Casey Cizikas - Avalanche : 4 - BlackHawks : 1.
4:12 of 3rd period - Ivan Barbashev wins face-off versus Dylan Strome in neutral zone.
4:16 of 3rd period - Icing by Shayne Gostisbehere.
4:17 of 3rd period - Anze Kopitar wins face-off versus Dylan Strome in Avalanche zone.
4:18 of 3rd period - Shot by Brock Boeser.
4:18 of 3rd period - Shot Misses the Net.
4:34 of 3rd period - Shot by Dylan Strome.
4:34 of 3rd period - Deflect By Justin Williams.
4:34 of 3rd period - Stopped by Jacob Markstrom without a rebound.
4:35 of 3rd period - Phillip Danault wins face-off versus Ryan Strome in BlackHawks zone.
4:35 of 3rd period - Phillip Danault is hit by Andreas Athanasiou.
4:52 of 3rd period - Kyle Palmieri is hit by Will Butcher and loses puck.
5:12 of 3rd period - Icing by Brandon Carlo.
5:13 of 3rd period - Phillip Danault wins face-off versus Casey Cizikas in BlackHawks zone.
5:41 of 3rd period - Shot by Jaden Schwartz.
5:41 of 3rd period - Shot Blocked by Robby Fabbri.
5:45 of 3rd period - Shot by Jaden Schwartz.
5:45 of 3rd period - Shot Misses the Net.
5:51 of 3rd period - Shot by Anze Kopitar.
5:51 of 3rd period - Shot Misses the Net.
5:52 of 3rd period - Minor Penalty to Jake McCabe for Cross-checking.
5:53 of 3rd period - Anze Kopitar wins face-off versus Ryan Strome in Avalanche zone.
7:45 of 3rd period - Icing by Anze Kopitar.
7:46 of 3rd period - Anze Kopitar wins face-off versus Ryan Strome in BlackHawks zone.
7:46 of 3rd period - Anze Kopitar is hit by Ryan Strome.
7:58 of 3rd period - Shot by Scott Laughton.
7:58 of 3rd period - Stopped by Juuse Saros without a rebound.
7:59 of 3rd period - Scott Laughton wins face-off versus Pontus Aberg in Avalanche zone.
8:04 of 3rd period - Shot by Lawson Crouse.
8:04 of 3rd period - Shot Blocked by Cale Fleury.
8:06 of 3rd period - Shot by Lawson Crouse.
8:06 of 3rd period - Shot Misses the Net.
8:16 of 3rd period - Shot by Scott Laughton.
8:16 of 3rd period - Stopped by Juuse Saros without a rebound.
8:17 of 3rd period - Ryan Strome wins face-off versus Phillip Danault in Avalanche zone.
8:40 of 3rd period - Off-side.
8:41 of 3rd period - Scott Laughton wins face-off versus Dominik Kubalik in neutral zone.
9:27 of 3rd period - Curtis Lazar is hit by Justin Williams and loses puck.
9:48 of 3rd period - Curtis Lazar is hit by Cale Fleury and loses puck.
9:54 of 3rd period - Justin Williams is hit by John Marino and loses puck.
9:59 of 3rd period - Shot by Pontus Aberg.
9:59 of 3rd period - Shot Misses the Net.
10:06 of 3rd period - Icing by Johnny Boychuk.
10:07 of 3rd period - Ryan Strome wins face-off versus Scott Laughton in BlackHawks zone.
10:07 of 3rd period - Ryan Strome is hit by John Marino.
10:19 of 3rd period - Shot by Ryan Strome.
10:19 of 3rd period - Shot Misses the Net.
10:35 of 3rd period - Ryan Strome is hit by Erik Johnson and loses puck.
10:46 of 3rd period - Shot by Jaden Schwartz.
10:46 of 3rd period - Deflect By Brock Boeser.
10:46 of 3rd period - Shot Blocked by Will Butcher.
10:48 of 3rd period - Shot by Brock Boeser.
10:48 of 3rd period - Shot Hit the Post.
10:56 of 3rd period - Shot by Brock Boeser.
10:56 of 3rd period - Deflect By Jaden Schwartz.
10:56 of 3rd period - Stopped by Juuse Saros with a rebound.
10:58 of 3rd period - Shot by Justin Faulk.
10:58 of 3rd period - Stopped by Juuse Saros without a rebound.
10:59 of 3rd period - Phillip Danault wins face-off versus Casey Cizikas in Avalanche zone.
11:00 of 3rd period - Shot by Kyle Palmieri.
11:00 of 3rd period - Shot Blocked by Shayne Gostisbehere.
11:02 of 3rd period - Shot by Kyle Palmieri.
11:02 of 3rd period - Stopped by Juuse Saros with a rebound.
11:04 of 3rd period - Shot by Phil Kessel.
11:04 of 3rd period - Stopped by Juuse Saros without a rebound.
11:05 of 3rd period - Casey Cizikas wins face-off versus Phillip Danault in Avalanche zone.
11:05 of 3rd period - Casey Cizikas is hit by Phillip Danault.
11:12 of 3rd period - Minor Penalty to Adam Larsson for Holding.
11:13 of 3rd period - Anze Kopitar wins face-off versus Casey Cizikas in BlackHawks zone.
11:13 of 3rd period - Phillip Danault is hit by Robby Fabbri and loses puck.
11:28 of 3rd period - Shot by Jake McCabe.
11:28 of 3rd period - Shot Blocked by Erik Johnson.
11:30 of 3rd period - Shot by Casey Cizikas.
11:30 of 3rd period - Stopped by Jacob Markstrom without a rebound.
11:31 of 3rd period - Ryan Strome wins face-off versus Anze Kopitar in BlackHawks zone.
13:22 of 3rd period - Shot by Justin Williams.
13:22 of 3rd period - Shot Blocked by John Marino.
13:29 of 3rd period - Off-side.
13:30 of 3rd period - Nicolas Roy wins face-off versus Jared McCann in neutral zone.
13:37 of 3rd period - Icing by Anze Kopitar.
13:38 of 3rd period - Jared McCann wins face-off versus Pontus Aberg in BlackHawks zone.
13:47 of 3rd period - Minor Penalty to Jared McCann for Roughing.
13:48 of 3rd period - Casey Cizikas wins face-off versus Anze Kopitar in BlackHawks zone.
13:53 of 3rd period - Shot by Dominik Kubalik.
13:53 of 3rd period - Stopped by Jacob Markstrom without a rebound.
13:54 of 3rd period - Anze Kopitar wins face-off versus Ryan Strome in BlackHawks zone.
14:03 of 3rd period - Shot by Ryan Strome.
14:03 of 3rd period - Stopped by Jacob Markstrom without a rebound.
14:04 of 3rd period - Ryan Strome wins face-off versus Phillip Danault in BlackHawks zone.
14:15 of 3rd period - Shot by Shayne Gostisbehere.
14:15 of 3rd period - Stopped by Jacob Markstrom without a rebound.
14:16 of 3rd period - Casey Cizikas wins face-off versus Anze Kopitar in BlackHawks zone.
14:17 of 3rd period - Shot by Robby Fabbri.
14:17 of 3rd period - Stopped by Jacob Markstrom with a rebound.
14:49 of 3rd period - Shot by Dominik Kubalik.
14:49 of 3rd period - Stopped by Jacob Markstrom without a rebound.
14:50 of 3rd period - Jaden Schwartz wins face-off versus Ryan Strome in BlackHawks zone.
15:13 of 3rd period - Shot by Ryan Strome.
15:13 of 3rd period - Shot Blocked by Brandon Carlo.
15:15 of 3rd period - Shot by Ryan Strome.
15:15 of 3rd period - Stopped by Jacob Markstrom without a rebound.
15:16 of 3rd period - Casey Cizikas wins face-off versus Jaden Schwartz in BlackHawks zone.
16:48 of 3rd period - Off-side.
16:49 of 3rd period - Ryan Strome wins face-off versus Phillip Danault in neutral zone.
16:58 of 3rd period - Shot by Shayne Gostisbehere.
16:58 of 3rd period - Shot Misses the Net.
17:00 of 3rd period - Shot by Andreas Athanasiou.
17:00 of 3rd period - Shot Misses the Net.
17:02 of 3rd period - Shot by Jake McCabe.
17:02 of 3rd period - Stopped by Jacob Markstrom with a rebound.
17:04 of 3rd period - Shot by Frank Vatrano.
17:04 of 3rd period - Shot Misses the Net.
17:08 of 3rd period - Shot by Andreas Athanasiou.
17:08 of 3rd period - Deflect By Ryan Strome.
17:08 of 3rd period - Shot Misses the Net.
17:13 of 3rd period - Frank Vatrano is hit by Brandon Carlo and loses puck.
17:27 of 3rd period - Ryan Strome is hit by Adam Larsson and loses puck.
18:02 of 3rd period - Shot by Casey Cizikas.
18:02 of 3rd period - Stopped by Jacob Markstrom with a rebound.
18:04 of 3rd period - Shot by Dominik Kubalik.
18:04 of 3rd period - Shot Misses the Net.
18:44 of 3rd period - Shot by Pontus Aberg.
18:44 of 3rd period - Shot Blocked by Brandon Carlo.
18:51 of 3rd period - Icing by Adam Larsson.
18:52 of 3rd period - Nicolas Roy wins face-off versus Phillip Danault in BlackHawks zone.
18:59 of 3rd period - Shot by Jordan Weal.
18:59 of 3rd period - Stopped by Jacob Markstrom without a rebound.
19:00 of 3rd period - Anze Kopitar wins face-off versus Ryan Strome in BlackHawks zone.
19:30 of 3rd period - Icing by Jake McCabe.
19:31 of 3rd period - Ryan Strome wins face-off versus Lawson Crouse in Avalanche zone.
19:45 of 3rd period - John Marino is hit by Jake McCabe and loses puck.
19:51 of 3rd period - Ryan Strome is hit by Lawson Crouse and loses puck.
Goals for this period are 1 for Avalanche vs 0 for BlackHawks.
Shots for this period are 14 for Avalanche vs 6 for BlackHawks.